AoeStats
← SoyDemo

Arena

510241615Analyzed
3v3 RM · 2d ago on Sep 30, 2026· 43m 9s· 6 players
Game mode
Random Map
Map size
Normal (6 player)
Population
200
Speed
Normal
Resources
Standard
Victory
Conquest
Starting age
Dark Age
Ending age
Imperial Age
RankedLock teamsTeams togetherTeam positionsShared explorationLock speedFull tech treeHidden civsTurbo modeCheats
Victory
Defeat
🇨🇴 Spanish · Colombia
1878
+6
🇨🇴 Dravidians · Colombia
1812
+8
🇦🇷 Inca · Argentina
1748
+10
🇲🇽 Franks · Mexico
1699
-11
🇲🇽 Lithuanians · Mexico
1652
-9
🇲🇽 Muisca · Mexico
1470
-4
Ux'Nova
11:30 Feudal Age
12:11 Double-Bit Axe
15:10 Castle Age
14:08 Loom
16:07 Bow Saw
16:30 Forging
27:24 Wheelbarrow
32:05 Imperial Age
31:18 Hand Cart
33:48 Chemistry
34:21 Iron Casting
33:46 Scale Mail Armor
34:46 Conscription
34:30 Padded Archer Armor
35:04 Ballistics
38:31 Elite Skirmisher
39:03 Fletching
39:15 Heavy Scorpion
40:56 Masonry
40:58 Fortified Wall
Droga0
10:19 Feudal Age
14:33 Castle Age
22:13 Bloodlines
24:43 Loom
25:37 Wheelbarrow
26:10 Stone Mining
30:32 Imperial Age
29:24 Husbandry
29:31 Scale Barding Armor
30:12 Forging
30:35 Chain Barding Armor
33:08 Plate Barding Armor
33:10 Iron Casting
32:54 Elite Leitis
35:49 Chemistry
34:51 Padded Archer Armor
36:20 Stone Shaft Mining
35:44 Fletching
36:19 Leather Archer Armor
36:18 Gold Mining
37:11 Double-Bit Axe
37:20 Horse Collar
39:02 Bow Saw
38:53 Heavy Plow
SoyDemo
5:42 Loom
9:37 Feudal Age
11:45 Town Watch
14:40 Castle Age
13:21 Double-Bit Axe
14:09 Horse Collar
17:59 Loom
21:03 Padded Archer Armor
23:21 Wheelbarrow
25:41 Hand Cart
26:48 Town Patrol
27:07 Thumb Ring
30:35 Imperial Age
27:36 Elite Skirmisher
28:10 Fletching
28:36 Leather Archer Armor
28:50 Bodkin Arrow
30:35 Bow Saw
31:24 Bracer
31:44 Herbalism
31:56 Forging
32:11 Heavy Plow
34:30 Conscription
34:52 Redemption
35:08 Illumination
36:27 Iron Casting
42:28 Treadmill Crane
NuMa | Toth
11:31 Feudal Age
15:15 Castle Age
13:41 Horse Collar
13:47 Double-Bit Axe
17:08 Wheelbarrow
16:57 Bow Saw
16:58 Heavy Plow
22:10 Hand Cart
21:42 Town Watch
21:43 Loom
22:14 Gold Mining
27:33 Imperial Age
25:10 Scale Barding Armor
25:16 Forging
26:40 Chain Barding Armor
28:07 Bloodlines
27:58 Husbandry
27:40 Cavalier
28:57 Plate Barding Armor
28:46 Conscription
29:50 Iron Casting
29:42 Paladin
33:23 Blast Furnace
32:50 Fletching
33:31 Padded Archer Armor
34:01 Elite Conquistador
36:17 Leather Archer Armor
35:58 Bodkin Arrow
37:42 Two-Man Saw
36:33 Stone Mining
37:28 Caravan
39:15 Ring Archer Armor
38:45 Bracer
39:40 Hoardings
43:20 Stone Shaft Mining
[CLB]PEGASO
11:37 Feudal Age
15:22 Castle Age
14:08 Double-Bit Axe
14:04 Horse Collar
18:06 Bow Saw
21:49 Fletching
23:03 Loom
24:08 Wheelbarrow
30:04 Imperial Age
30:03 Squires
29:24 Pikeman
30:19 Scale Mail Armor
30:42 Forging
30:58 Hand Cart
30:29 Town Watch
31:01 Halberdier
32:30 Chain Mail Armor
32:26 Forging
34:18 Plate Mail Armor
35:53 Iron Casting
35:23 Bodkin Arrow
36:52 Ballistics
37:33 Chemistry
37:03 Thumb Ring
36:19 Elite Elephant Archer
37:32 Bracer
37:34 Padded Archer Armor
39:27 Leather Archer Armor
39:25 Husbandry
39:12 Elite Skirmisher
40:23 Medical Corps
41:46 Conscription
42:05 Hoardings
42:17 Ring Archer Armor
Magio | Voy Pocker
11:58 Feudal Age
15:51 Castle Age
14:09 Gold Mining
14:06 Double-Bit Axe
14:03 Horse Collar
17:05 Bow Saw
17:32 Wheelbarrow
17:39 Wheelbarrow
17:15 Heavy Plow
22:06 Stone Mining
24:03 Loom
27:20 Hand Cart
27:26 Hand Cart
27:28 Town Watch
30:54 Imperial Age
28:21 Gold Mining
29:34 Scale Mail Armor
29:45 Forging
30:27 Gold Shaft Mining
30:30 Stone Shaft Mining
30:30 Town Patrol
31:02 Chain Mail Armor
30:49 Squires
30:36 Arson
30:56 Elite Kamayuk
32:00 Conscription
32:30 Iron Casting
32:55 Plate Mail Armor
34:38 Blast Furnace
35:07 Fabric Shields
36:28 Fletching
36:39 Padded Archer Armor
38:28 Bodkin Arrow
38:49 Leather Archer Armor
39:23 Siege Engineers
39:29 Masonry
38:59 Treadmill Crane
39:40 Ballistics
40:20 Chemistry
Connection lost

Rejoining the realm…

Still unreachable

The connection could not be restored.

Session expired

The server has moved on; the page needs a fresh start.